 Dungeon Crawl Stone Soup version 0.22.1-1-ga44c0e5 (webtiles) character file.

88 joejoepie the Skirmisher (level 4, -4/37 HPs)
             Began as a Demonspawn Abyssal Knight on Oct 12, 2018.
             Was a Follower of Lugonu.
             Slain by a phantom (5 damage)
             ... on level 4 of the Dungeon.
             The game lasted 00:09:19 (1918 turns).

joejoepie the Skirmisher (DsAK)                     Turns: 1918, Time: 00:09:20

Health: -4/37      AC:  3    Str: 12 (14) XL:     4   Next: 30%
Magic:  14/14      EV: 11    Int: 12 (13) God:    Lugonu [*.....]
Gold:   116        SH:  0    Dex: 12      Spells: 3/3 levels left

rFire    . . .     SeeInvis .   a - +1 spear
rCold    . . .     Gourm    .   (no shield)
rNeg     . . .     Faith    .   b - +0 leather armour
rPois    .         Spirit   .   (helmet restricted)
rElec    .         Reflect  .   (no cloak)
rCorr    .         Harm     .   (no gloves)
MR       .....                  (no boots)
Stlth    +.........             (no amulet)
HPRegen  0.12/turn              g - ring of magical power
MPRegen  0.14/turn              (no ring)

@: very slightly contaminated, invisible
A: antennae 1
a: Depart the Abyss, Renounce Religion


You were on level 4 of the Dungeon.
You worshipped Lugonu.
Lugonu was aware of your devotion.
You were not hungry.

You visited 1 branch of the dungeon, and saw 4 of its levels.
You visited the Abyss 1 time.

You collected 116 gold pieces.

Inventory:

Hand Weapons
 a - a +1 spear (weapon)
Armour
 b - a +0 leather armour (worn)
Jewellery
 e - an uncursed ring of resist corrosion {unknown}
 g - a ring of magical power (left hand)
Scrolls
 j - a scroll of teleportation {unknown}
Potions
 d - a potion of brilliance
 h - 2 potions of resistance
Comestibles
 c - 3 rations
 f - a chunk of flesh


   Skills:
 + Level 4.0 Fighting
 + Level 3.0 Polearms
 + Level 2.1 Armour
 + Level 1.0 Dodging
 + Level 2.6 Invocations


You had 3 spell levels left.
You didn't know any spells.
Your spell library was empty.

Dungeon Overview and Level Annotations

Branches:
Dungeon (4/15)
 Temple: D:4-7

Altars:
Kikubaaqudgha
Nemelex Xobeh
Vehumet
Xom

Annotations:
D:2 Sigmund


Innate Abilities, Weirdness & Mutations

You have a pair of small antennae on your head.


Message History

The phantom is severely damaged.
The phantom closely misses you.
It was a potion of invisibility.
You fade into invisibility!
The phantom hits you.
* * * LOW HITPOINT WARNING * * *
You are very lightly contaminated with residual magic.
You miss the phantom.
The phantom is severely damaged.
The phantom hits you.
* * * LOW HITPOINT WARNING * * *
You hit the phantom.
The phantom is severely damaged.
The phantom hits you.
* * * LOW HITPOINT WARNING * * *
The phantom blinks!
You closely miss the phantom.
The phantom is severely damaged.
The phantom hits you.
You die...

. ##.
#..
#.#
..#
#.#
#.##
##@W#
#ยง###
#.#
#.#
###


You could see a phantom.

Vanquished Creatures
  4 adders
  A shadow imp (D:3)
  A worm (D:2)
  A dart slug (D:1)
  2 bats
  A giant cockroach (D:3)
  5 goblins
  9 hobgoblins
  3 jackals (D:2)
  3 kobolds
  A frilled lizard (D:2)
  6 rats
37 creatures vanquished.

Notes
Turn   | Place    | Note
-------+----------+-------------------------------------------
     0 | Abyss:1  | joejoepie the Demonspawn Abyssal Knight began the quest for
                  | the Orb.
     0 | Abyss:1  | Reached XP level 1. HP: 18/18 MP: 2/2
    14 | Abyss:1  | Found an ornate altar of the Wu Jian Council.
    42 | D:1      | Escaped the Abyss
   301 | D:1      | Found a radiant altar of Vehumet.
   306 | D:1      | Found an ornate altar of the Wu Jian Council.
   306 | D:1      | Found a shimmering altar of Xom.
   310 | D:1      | Found an ancient bone altar of Kikubaaqudgha.
   310 | D:1      | Found a sparkling altar of Nemelex Xobeh.
   310 | D:1      | Found a radiant altar of Vehumet.
   345 | D:1      | Gained mutation: You have a pair of small antennae on your
                  | head. [demonic ancestry]
   345 | D:1      | Reached XP level 2. HP: 7/24 MP: 3/3
   823 | D:1      | Reached * piety under Lugonu
   866 | D:1      | You fall through a shaft!
   959 | D:2      | Reached XP level 3. HP: 23/29 MP: 4/4
  1415 | D:2      | Reached skill level 1 in Dodging
  1415 | D:2      | Reached XP level 4. HP: 21/37 MP: 5/5
  1484 | D:2      | Noticed Sigmund
  1852 | D:3      | Reached skill level 4 in Fighting
  1867 | D:3      | Noticed an orc warrior
  1900 | D:4      | Noticed a phantom
  1917 | D:4      | HP: 1/37 [phantom (2)]
  1918 | D:4      | Slain by a phantom

Skill      XL: |  1  2  3  4 |
---------------+-------------+-----
Polearms       | 2 3 |  3.0
Armour         | 2 |  2.1
Dodging        | 1 |  1.0
Fighting       | 4 |  4.0
Invocations    | |  2.6

Action                   |  1- 3 |  4- 6 || total
-------------------------+-------+-------++-------
Melee: Spear             |   111 |    42 ||   153
Invok: Depart the Abyss  |     1 |       ||     1
  Use: Potion            |     7 |     1 ||     8
       Scroll            |     4 |       ||     4
  Eat: Chunk             |     1 |     1 ||     2
       Ration            |       |     1 ||     1
Armor: Leather armour    |    13 |    13 ||    26
Dodge: Dodged            |    48 |    38 ||    86
